 Dungeon Crawl Stone Soup version 0.28.0-53-g5a82cb258f (webtiles) character file.

Game seed: 4835940146865386513

6891 safid the Severer (level 11, -1/97 HPs)
             Began as a Hill Orc Fighter on July 5, 2022.
             Was an Initiate of Beogh.
             Slain by Urug
             ... wielding a +4 demon trident of freezing
              (6 damage)
             ... on level 10 of the Dungeon.
             The game lasted 00:14:30 (11035 turns).

safid the Severer (Hill Orc Fighter)               Turns: 11035, Time: 00:14:31

Health: -1/97      AC: 19    Str: 24    XL:     11   Next: 6%
Magic:  11/11      EV: 11    Int:  8    God:    Beogh [......]
Gold:   501        SH: 10    Dex: 10    Spells: 10/10 levels left

rFire   . . .      SeeInvis .   a - +0 war axe
rCold   . . .      Faith    .   c - +0 buckler
rNeg    . . .      Spirit   .   D - +0 plate armour
rPois   .          Reflect  +   k - +0 helmet
rElec   .          Harm     .   (no cloak)
rCorr   .          Rampage  .   (no gloves)
Will    .....                   (no boots)
Stlth   ..........              v - amulet of reflection
HPRegen 0.26/turn               t - +4 ring of evasion
MPRegen 0.12/turn               C - +4 ring of protection

@: no status effects
A: no striking features
a: Renounce Religion


You were on level 10 of the Dungeon.
You worshipped Beogh.
Beogh was noncommittal.
You visited 1 branch of the dungeon, and saw 10 of its levels.

You collected 501 gold pieces.

Inventory:

Hand Weapons
 a - a +0 war axe (weapon)
Missiles
 i - 16 boomerangs (quivered)
 s - 25 poisoned darts
Armour
 c - a +0 buckler (worn)
 k - a +0 helmet (worn)
 D - a +0 plate armour (worn)
Jewellery
 t - a +4 ring of evasion (left hand)
 v - an amulet of reflection (around neck)
 B - a ring of ice
 C - a +4 ring of protection (right hand)
 G - a ring of protection from cold
 H - a ring of protection from cold
Wands
 m - a wand of paralysis (15)
 x - a wand of iceblast (17)
 F - a wand of polymorph (6)
 I - a wand of mindburst (3)
Scrolls
 b - a scroll of fear {unknown}
 j - 2 scrolls of magic mapping {unknown}
 l - a scroll of silence {unknown}
 n - 2 scrolls of vulnerability
 o - a scroll of summoning {unknown}
 q - a scroll of fog
 r - 2 scrolls of teleportation
 y - 2 scrolls of identify {unknown}
 E - 2 scrolls of amnesia {unknown}
 L - 2 scrolls of immolation {unknown}
Potions
 d - a potion of cancellation {unknown}
 e - a potion of resistance {unknown}
 f - 3 potions of curing
 g - a potion of flight {unknown}
 h - 2 potions of attraction {unknown}
 p - 2 potions of heal wounds
 u - a potion of mutation {unknown}
 w - a potion of haste {unknown}
 z - 3 potions of brilliance {unknown}
 A - a potion of ambrosia {unknown}
 K - a potion of degeneration {unknown}
Miscellaneous
 J - a condenser vane


   Skills:
 + Level 9.2 Fighting
 - Level 16.0 Axes
 + Level 8.6 Armour
 - Level 6.0 Shields


You had 10 spell levels left.
You didn't know any spells.
Your spell library contained the following spells:

 Spells                   Type           Power      Damage    Failure   Level
 Magic Dart               Conj           0%         1d3       100%        1
 Call Imp                 Summ           0%         N/A       100%        2
 Call Canine Familiar     Summ           0%         N/A       100%        3
 Confusing Touch          Hex            0%         N/A       100%        3
 Dazzling Flash           Conj/Hex       0%         N/A       100%        3
 Mephitic Cloud           Conj/Pois/Air  0%         N/A       100%        3
 Portal Projectile        Hex/Tloc       0%         N/A       100%        3
 Leda's Liquefaction      Hex/Erth       0%         N/A       100%        4
 Agony                    Necr           0%         N/A       100%        5
 Silence                  Hex/Air        0%         N/A       100%        5
 Yara's Violent Unravell  Hex/Tmut       0%         3d3       100%        5
 Enfeeble                 Hex            0%         N/A       100%        7


Dungeon Overview and Level Annotations

Branches:
Dungeon (10/15)            Temple (0/1) D:5             Orc (0/2) D:9
   Lair: D:8-11

Altars:
Ashenzari
Elyvilon
Hepliaklqana
Kikubaaqudgha
Makhleb
Ru
Sif Muna
Trog
Uskayaw
Wu Jian
Xom
Yredelemnul
Beogh

Shops:
D:1 [   D:3 =

Annotations:
D:6 3 runed translucent doors, Kranky's ghost, novice GnWn
D:10 Urug


Message History

Urug freezes you.
You closely miss Urug.
Urug is lightly wounded.
Urug hits you but does no damage.
You slice Urug!!
Urug is heavily wounded.
You barely miss Urug.
Urug is heavily wounded.
Urug hits you with a +4 demon trident of freezing.
Urug freezes you.
You hit Urug.
Urug is heavily wounded.
Urug barely misses you.
You hit Urug.
Urug is heavily wounded.
You barely miss Urug.
Urug is heavily wounded.
Urug hits you with a +4 demon trident of freezing!
Urug freezes you.
You closely miss Urug.
Urug is heavily wounded.
You block Urug's attack.
You slash Urug!
Urug is severely wounded.
Urug misses you.
You hit Urug but do no damage.
Urug is severely wounded.
You closely miss Urug.
Urug is severely wounded.
Urug hits you with a +4 demon trident of freezing!
* * * LOW HITPOINT WARNING * * *
Urug freezes you!
* * * LOW HITPOINT WARNING * * *
You hit Urug.
Urug is severely wounded.
Urug hits you with a +4 demon trident of freezing!
* * * LOW HITPOINT WARNING * * *
Urug freezes you.
You die...
Beogh appreciates Urug's killing of a heretic priest.

#######'#####....#....#
#........#..#....#....#
#........#..#....#....+
#.....#..#..#....#....#
#........#'##....######
#########....##########
#...#....#........#
#...#....'........#
#..@....##.##..###
#.o#######.##..##### ## ##..
#.........+ ..### .##..
#.........# ..... . ...#..
#.....##..# ..... ...
###########.....##..#
###'####'####.........#.........+
......................###'####..#
.##..........................# .#


You could see Urug.

Vanquished Creatures
  2 two-headed ogres
  A troll (D:10)
  Sigmund (D:2)
  2 wyverns
  4 yaks (D:8)
  Eustachio (D:5)
  Menkaure (D:5)
  Edmund (D:5)
  An acid dragon (D:10)
  2 water moccasins
  4 orc warriors
  An ice beast (D:6)
  A sky beast (D:8)
  A black bear (D:5)
  2 centaurs
  Blork the orc (D:5)
  2 kobold brigands
  2 bullfrogs (D:8)
  2 scorpions
  A wyvern skeleton (D:7)
  22 killer bees
  2 water moccasin skeletons (D:5)
  2 jellies (D:6)
  14 wights
  2 howler monkeys (D:7)
  A centaur zombie (D:7)
  2 bullfrog zombies (D:6)
  A bullfrog skeleton (D:5)
  3 orc priests
  Jessica (D:2)
  4 iguanas
  5 orc wizards
  A hound skeleton (D:4)
  10 adders
  A shadow imp (D:6)
  A worm (D:4)
  A dart slug (D:1)
  33 orcs
  2 bats (D:1)
  9 endoplasms
  2 giant cockroaches
  8 hobgoblins
  5 jackals (D:1)
  21 kobolds
  2 quokkas
  9 ball pythons
  A frilled lizard (D:1)
  7 goblins
  4 rats
209 creatures vanquished.

Vanquished Creatures (others)
  A kobold brigand (D:9)
  2 orcs (D:9)
  5 kobolds (D:9)
  A fungus (D:1)
  5 plants (D:1)
14 creatures vanquished.

Grand Total: 223 creatures vanquished

Notes
Turn   | Place    | Note
-------+----------+-------------------------------------------
     0 | D:1      | safid the Hill Orc Fighter began the quest for the Orb.
     0 | D:1      | Reached XP level 1. HP: 19/19 MP: 1/1
    66 | D:1      | Reached skill level 3 in Axes
    66 | D:1      | Reached XP level 2. HP: 23/27 MP: 2/2
   317 | D:1      | Found a faded altar of an unknown god.
   464 | D:1      | Reached XP level 3. HP: 30/33 MP: 3/3
   899 | D:1      | Found Kuicroulia's Armour Boutique.
  1196 | D:2      | Noticed Jessica
  1209 | D:2      | Killed Jessica
  1210 | D:2      | Reached skill level 4 in Axes
  1210 | D:2      | Reached XP level 4. HP: 3/40 MP: 4/4
  1594 | D:2      | Noticed Sigmund
  1603 | D:2      | Killed Sigmund
  1604 | D:2      | Reached skill level 5 in Axes
  1604 | D:2      | Reached skill level 5 in Shields
  1604 | D:2      | Reached XP level 5. HP: 37/46 MP: 5/5
  1604 | D:2      | Reached XP level 6. HP: 42/52 MP: 6/6
  2041 | D:2      | Found a bloodstained altar of Trog.
  2539 | D:3      | Found a shimmering blue altar of Sif Muna.
  2666 | D:3      | Reached skill level 6 in Axes
  2713 | D:3      | Found Urrozoop's One-of-a-Kind Rings.
  3168 | D:4      | HP: 2/52 [poisoned by a scorpion]
  3715 | D:4      | Found a faded altar of an unknown god.
  3715 | D:4      | Found a sacrificial altar of Ru.
  3723 | D:4      | Found a faded altar of an unknown god.
  3725 | D:4      | Found a burning altar of Makhleb.
  3727 | D:4      | Found a basalt altar of Yredelemnul.
  3895 | D:4      | Found a hide-covered altar of Uskayaw.
  3936 | D:5      | Entered Level 5 of the Dungeon
  3958 | D:5      | Reached XP level 7. HP: 42/59 MP: 7/7
  4085 | D:5      | Noticed Menkaure
  4094 | D:5      | Killed Menkaure
  4095 | D:5      | Reached skill level 7 in Axes
  4384 | D:5      | Noticed Blork the orc
  4398 | D:5      | Killed Blork the orc
  4399 | D:5      | Reached skill level 8 in Axes
  4634 | D:5      | Noticed Eustachio
  4635 | D:5      | Found a staircase to the Ecumenical Temple.
  4648 | D:5      | Killed Eustachio
  4649 | D:5      | Reached skill level 9 in Axes
  4850 | D:5      | Found a shimmering altar of Xom.
  4905 | D:5      | Reached XP level 8. HP: 65/66 MP: 8/8
  4987 | D:5      | Reached skill level 10 in Axes
  5166 | D:5      | Noticed Edmund
  5177 | D:5      | Killed Edmund
  5283 | D:5      | Reached skill level 11 in Axes
  6040 | D:6      | Found a runed translucent gate.
  6040 | D:6      | Noticed a kobold demonologist
  6041 | D:6      | Noticed Kranky's ghost (novice GnWn)
  6044 | D:6      | Found a runed translucent gate.
  6044 | D:6      | Found a runed translucent gate.
  6104 | D:6      | Reached skill level 12 in Axes
  6478 | D:6      | Reached XP level 9. HP: 71/71 MP: 9/9
  6500 | D:6      | Reached skill level 13 in Axes
  6841 | D:7      | Found an ornate altar of the Wu Jian Council.
  6968 | D:7      | Reached skill level 14 in Axes
  7527 | D:7      | Reached skill level 15 in Axes
  7686 | D:7      | Found a hazy altar of Hepliaklqana.
  7686 | D:7      | Found a white marble altar of Elyvilon.
  7914 | D:8      | Found a broken altar of Ashenzari.
  8025 | D:8      | Noticed a two-headed ogre
  8037 | D:8      | Killed a two-headed ogre
  8038 | D:8      | Reached skill level 16 in Axes
  8038 | D:8      | Reached XP level 10. HP: 46/80 MP: 10/10
  8226 | D:8      | Reached skill level 5 in Fighting
  8226 | D:8      | Reached skill level 5 in Armour
  9288 | D:9      | Became a worshipper of Beogh the Brigand
  9291 | D:9      | Found a roughly hewn altar of Beogh.
  9291 | D:9      | Found a staircase to the Orcish Mines.
  9756 | D:9      | Noticed a two-headed ogre
  9770 | D:9      | Killed a two-headed ogre
  9771 | D:9      | Reached XP level 11. HP: 20/95 MP: 11/11
 10151 | D:9      | Identified the +2 leather armour of Ewom {rF+ rN++ Will-
                  | rCorr}
 10393 | D:10     | Entered Level 10 of the Dungeon
 10414 | D:10     | Found an ancient bone altar of Kikubaaqudgha.
 10663 | D:10     | Reached * piety under Beogh
 11016 | D:10     | Noticed Urug
 11035 | D:10     | Slain by Urug

Illustrated notes

Levels and vault maps discovered:
D:1:      minmay_arrival_glassed_features, layout_basic,
          shapermc_ecumenical_altar_mp_ritualfount, serial_shops,
          nicolae_shop_statue_plus, nicolae_concentric_dashed_squares_wild
D:2:      layout_basic, serial_rivers, chequers_serial_rivers_large_b,
          chequers_serial_rivers_room_a, chequers_serial_rivers_micro_e,
          chequers_serial_rivers_micro_d, chequers_serial_rivers_micro_d,
          chequers_serial_rivers_room_a, basic_altar, minmay_crystal_water,
          uniq_sigmund, uniq_jessica
D:3:      layout_loops_ring, lemuel_doored_altar, nicolae_shop_unique_rings
D:4:      layout_cave_pools, nicolae_uskayaw_suspiria,
          chequers_temple_overflow_minitemple
D:5:      layout_basic, mainiacjoe_overflow_24_doors, temple_doors_cd,
          grunt_decor_cap, kennysheep_potato, uniq_edmund, uniq_blork_the_orc,
          uniq_menkaure, uniq_eustachio
D:6:      layout_gridville, gammafunk_ghost_nasty_kobolds
D:7:      layout_cave_pools, pdpol_wu_jian_five_deadly_venoms,
          gammafunk_temple_overflow_elements, nicolae_figureground_pulse
D:8:      layout_rooms, ashenzari_conservatory_becter
D:9:      layout_roguey, david_orc_5
D:10:     layout_stronghold, lemuel_crystal_altar, feat_on_display, uniq_urug,
          uniq_psyche, uniq_maggie

Skill      XL: |  1  2  3  4  5  6  7  8  9 10 11 |
---------------+----------------------------------+-----
Axes           | 3 4 5 6 9 12 16 | 16.0
Fighting       | 4 8 9 |  9.2
Armour         | 4 8 |  8.6
Shields        | 4 5 6 |  6.0

Action                   |  1- 3 |  4- 6 |  7- 9 | 10-12 || total
-------------------------+-------+-------+-------+-------++-------
Melee: War axe           |    91 |   130 |   310 |   281 ||   812
Throw: Boomerang         |       |       |     4 |     2 ||     6
Invok: Convert to Beogh  |       |       |       |     1 ||     1
Evoke: Wand              |       |       |       |     3 ||     3
  Use: Potion            |       |     1 |     4 |       ||     5
       Scroll            |       |       |     3 |       ||     3
Armor: Scale mail        |    39 |    41 |    55 |       ||   135
       Plate armour      |       |       |    10 |   103 ||   113
Dodge: Dodged            |    44 |    64 |   103 |   101 ||   312
Block: Buckler           |    28 |    29 |   136 |   129 ||   322
       Reflection        |       |       |     3 |     3 ||     6
